 Dungeon Crawl Stone Soup version 0.29.1-2-gbd0b4ee654 (webtiles) character file.

Game seed: 5092379370617692759

5756 BlackCrag the Thaumaturge (level 10, -3/50 HPs)
             Began as a Deep Elf Conjurer on Oct 23, 2022.
             Slain by a jumping spider (shapeshifter) (4 damage)
             ... on level 9 of the Dungeon.
             The game lasted 00:49:23 (9090 turns).

BlackCrag the Thaumaturge (Deep Elf Conjurer)       Turns: 9090, Time: 00:49:23

Health: -3/50      AC:  2    Str:  4    XL:     10   Next: 49%
Magic:  24/29      EV:  7    Int: 28    God:
Gold:   427        SH:  0    Dex: 13    Spells: 21/35 levels left

rFire   . . .      SeeInvis .   t - +2 short sword (protect)
rCold   . . .      Faith    .   (no shield)
rNeg    + . .      Spirit   .   n - +0 robe of Liberty {rElec}
rPois   +          Reflect  .   (no helmet)
rElec   +          Harm     .   (no cloak)
rCorr   .          Rampage  .   (no gloves)
Will    +....                   (no boots)
Stlth   +++.......              (no amulet)
HPRegen 0.16/turn               d - ring of positive energy
MPRegen 0.21/turn               f - ring of poison resistance

@: held
A: no striking features
a: no special abilities


You were on level 9 of the Dungeon.
You visited 2 branches of the dungeon, and saw 10 of its levels.

You collected 427 gold pieces.

Inventory:

Hand Weapons
 t - a +2 short sword of protection (weapon)
Armour
 a - a +0 robe
 n - the +0 robe of Liberty (worn) {rElec}
   (You found it on level 3 of the Dungeon)

   rElec:     It insulates you from electricity.
 y - an orb of wrath
 E - +1 steam dragon scales
Jewellery
 d - a ring of positive energy (left hand)
 f - a ring of poison resistance (right hand)
 C - a ring of protection from cold
Wands
 k - a wand of acid (15)
 A - a wand of polymorph (13)
 B - a wand of digging (3)
 F - a wand of paralysis (6)
Scrolls
 c - 2 scrolls of fear
 h - a scroll of poison {unknown}
 i - a scroll of fog {unknown}
 o - a scroll of enchant armour
 p - 5 scrolls of teleportation
 q - a scroll of silence {unknown}
 r - a scroll of vulnerability {unknown}
 v - a scroll of amnesia {unknown}
 x - a scroll of blinking {unknown}
 z - 3 scrolls of torment {unknown}
Potions
 b - a potion of magic
 e - 2 potions of flight
 g - 3 potions of heal wounds
 j - a potion of cancellation
 l - a potion of curing
 m - 2 potions of brilliance {unknown}
 s - a potion of resistance {unknown}
 u - a potion of haste {unknown}
 w - a potion of invisibility
 D - a potion of mutation {unknown}
 G - a potion of might {unknown}


   Skills:
 - Level 0.2 Fighting
 + Level 4.4 Dodging
 + Level 5.3 Stealth
 + Level 13.3 Spellcasting
 + Level 11.9 Conjurations
 + Level 5.7 Hexes


You had 21 spell levels left.
You knew the following spells:

 Your Spells              Type           Power      Damage    Failure   Level
a - Magic Dart            Conj           100%       1d8       1%          1
b - Searing Ray           Conj           100%       2d8       1%          2
c - Dazzling Flash        Conj/Hex       100%       N/A       1%          3
d - Fulminant Prism       Conj/Hex       31%        3d16      1%          4
e - Iskenderun's Mystic   Conj/Tloc      51%        2d11      2%          4

Your spell library contained the following spells:

 Spells                   Type           Power      Damage    Failure   Level
 Portal Projectile        Hex/Tloc       68%        N/A       2%          3
 Summon Guardian Golem    Hex/Summ       34%        N/A       2%          3
 Summon Small Mammal      Summ           72%        N/A       3%          1
 Call Canine Familiar     Summ           18%        N/A       9%          3
 Leda's Liquefaction      Hex/Erth       17%        N/A       9%          4
 Lee's Rapid Deconstruct  Erth           9%         3d8*      63%         5


Dungeon Overview and Level Annotations

Branches:
Dungeon (9/15)             Temple (1/1) D:6            Lair (0/5) D:8
    Orc: D:9-12

Altars:
Ashenzari
Cheibriados
Dithmenos
Elyvilon
Fedhas
Gozag
Hepliaklqana
Kikubaaqudgha
Makhleb
Nemelex Xobeh
Ru
Sif Muna
Uskayaw
Wu Jian
Xom
Yredelemnul
Zin
The Shining One

Shops:
D:4 [


Message History

Aim: a kobold brigand, wielding a +2 short sword of venom and quivering curare-tipped darts (almost dead, 79% to hit)
The searing ray hits the kobold brigand.
You kill the kobold brigand! (Press . to maintain the ray.)
A gnoll sergeant comes into view. It is wielding a +0 spear.
The gnoll sergeant shouts!
You start resting.
HP restored.
You start resting.
Magic restored.
A jumping spider comes into view.
Aiming: Magic Dart (safe; 1% risk of failure)
Press: ? - help, Q - select action, (/) - cycle Shift-Dir - straight line, f - jumping spider
Aim: a jumping spider (wandering, hasn't noticed you, 100% to hit)
The magic dart hits the jumping spider but does no damage.
Casting: Magic Dart (safe; 1% risk of failure)
Confirm with . or Enter, or press ? or * to list all spells.
Aiming: Searing Ray (safe; 1% risk of failure)
Press: ? - help, Shift-Dir - straight line, f/p - jumping spider
Aim: a jumping spider (79% to hit)
The searing ray hits the jumping spider.
The jumping spider is lightly wounded. (Press . to maintain the ray.)
The searing ray hits the jumping spider.
The jumping spider is moderately wounded.
The jumping spider pounces on you!
You are caught in a web!
The jumping spider bites you. The jumping spider pounces on you.
The jumping spider bites you but does no damage.
The searing ray hits the jumping spider.
The jumping spider is heavily wounded.
The jumping spider pounces on you!
* * * LOW HITPOINT WARNING * * *
The jumping spider bites you.
* * * LOW HITPOINT WARNING * * *
The searing ray misses the jumping spider.
You finish channelling your searing ray.
The jumping spider pounces on you!
* * * LOW HITPOINT WARNING * * *
You are even more entangled.
The jumping spider bites you.
You die...

... ... #)... ... .
#.## # #.# ##.
#.##.# #.# #..
#)##.### #.# ##.#
#.[....# #.# #.)#
#.)# #s###.# ##..#
#(.# #.@...#
#...###..###.##..#
#
#).))).g.....##..#
#
#..#############..#
#.# #..# #K.
#######..# #.
.........# .
########.# ## #.#


You could see a jumping spider.

Vanquished Creatures
  A komodo dragon (D:8)
  Grinder (D:6)
  13 yaks
  A steam dragon (D:8)
  2 water moccasins (D:8)
  An ice beast (D:7)
  2 black bears (D:8)
  An orc warrior (D:9)
  3 ogres
  A phantom (D:5)
  A centaur (D:8)
  A kobold brigand (D:9)
  A gnoll sergeant (D:7)
  8 bullfrogs
  3 necrophages
  6 scorpions
  11 wights (D:6)
  A howler monkey (D:8)
  2 jellies
  2 hounds (D:4)
  3 orc priests
  3 iguanas
  5 orc wizards
  3 adders
  7 gnolls (D:7)
  A shadow imp (D:6)
  A white imp (D:5)
  An ufetubus (D:5)
  3 dart slugs
  28 orcs
  2 bats
  2 endoplasms
  A giant cockroach (D:1)
  2 goblins
  8 hobgoblins
  3 ball pythons
  4 frilled lizards
  5 kobolds
144 creatures vanquished.

Vanquished Creatures (others)
  46 fulminant prisms
  47 fungi (D:8)
  45 plants
138 creatures vanquished.

Grand Total: 282 creatures vanquished

Notes
Turn   | Place    | Note
-------+----------+-------------------------------------------
     0 | D:1      | BlackCrag the Deep Elf Conjurer began the quest for the
                  | Orb.
     0 | D:1      | Reached XP level 1. HP: 10/10 MP: 6/6
   824 | D:2      | Reached XP level 2. HP: 13/15 MP: 2/8
   878 | D:2      | Learned a level 2 spell: Searing Ray
   891 | D:2      | Reached skill level 5 in Conjurations
  1140 | D:2      | Found a faded altar of an unknown god.
  1158 | D:2      | Noticed a necrophage
  1167 | D:2      | Killed a necrophage
  1168 | D:2      | Reached XP level 3. HP: 19/19 MP: 8/10
  1168 | D:2      | Reached XP level 4. HP: 24/24 MP: 8/11
  1190 | D:2      | Learned a level 3 spell: Dazzling Flash
  1812 | D:3      | Identified the +0 robe of Liberty {rElec}
  2058 | D:3      | Learned a level 4 spell: Fulminant Prism
  2669 | D:4      | Noticed a scorpion
  2686 | D:4      | Reached skill level 4 in Spellcasting
  2686 | D:4      | Reached XP level 5. HP: 28/28 MP: 0/13
  2807 | D:4      | Noticed an ogre
  2819 | D:4      | Killed an ogre
  2975 | D:4      | Reached skill level 5 in Spellcasting
  3059 | D:4      | Reached XP level 6. HP: 18/32 MP: 5/15
  3497 | D:4      | Reached skill level 6 in Spellcasting
  3631 | D:4      | Found Xenluo's Armour Emporium.
  3965 | D:5      | Entered Level 5 of the Dungeon
  4067 | D:5      | Reached XP level 7. HP: 32/36 MP: 12/18
  4214 | D:5      | Noticed a yak
  4217 | D:5      | Noticed a yak
  4222 | D:5      | Noticed a yak
  4225 | D:5      | Noticed a yak
  4227 | D:5      | Killed a yak
  4228 | D:5      | Reached skill level 7 in Spellcasting
  4228 | D:5      | Reached skill level 1 in Hexes
  4230 | D:5      | Noticed a yak
  4230 | D:5      | Killed a yak
  4327 | D:5      | Killed a yak
  4328 | D:5      | Reached skill level 8 in Spellcasting
  4328 | D:5      | Reached XP level 8. HP: 31/41 MP: 11/22
  4411 | D:5      | Reached skill level 9 in Spellcasting
  4652 | D:5      | Found a glowing silver altar of Zin.
  4899 | D:5      | Learned a level 4 spell: Iskenderun's Mystic Blast
  5246 | D:6      | Reached skill level 10 in Spellcasting
  5359 | D:6      | Reached XP level 9. HP: 45/45 MP: 18/25
  5673 | D:6      | Found a staircase to the Ecumenical Temple.
  5691 | Temple   | Entered the Ecumenical Temple
  5773 | D:6      | Reached skill level 10 in Conjurations
  6074 | D:6      | Found a hazy altar of Hepliaklqana.
  6187 | D:6      | Found a broken altar of Ashenzari.
  6197 | D:6      | Noticed Grinder
  6206 | D:6      | Killed Grinder
  6207 | D:6      | Reached skill level 11 in Spellcasting
  6688 | D:7      | Found a glowing golden altar of the Shining One.
  7363 | D:8      | Found a snail-covered altar of Cheibriados.
  7602 | D:8      | Reached skill level 12 in Spellcasting
  7656 | D:8      | Found a hide-covered altar of Uskayaw.
  7765 | D:8      | Reached XP level 10. HP: 39/50 MP: 16/28
  7767 | D:8      | Reached skill level 5 in Hexes
  7968 | D:8      | Reached skill level 5 in Stealth
  8058 | D:8      | Found a staircase to the Lair.
  8443 | D:8      | Reached skill level 13 in Spellcasting
  8888 | D:9      | Found a shimmering blue altar of Sif Muna.
  8891 | D:9      | Found a sacrificial altar of Ru.
  8899 | D:9      | Found a shimmering altar of Xom.
  9090 | D:9      | HP: 1/50 [jumping spider (shapeshifter) (12)]
  9090 | D:9      | Slain by a jumping spider (shapeshifter)

Illustrated notes

Levels and vault maps discovered:
D:1:      beargit_arrival_diablo_church, layout_basic,
          nicolae_kite_square_tiling_tiny
D:2:      layout_basic, ebering_ecumenical_altar_sacrificial,
          nrook_mini_backslash
D:3:      layout_basic
D:4:      layout_rooms, serial_shops, nicolae_shop_advertising_works
          [nicolae_subvault_shop_adworks], serial_glass, glass_columns_c,
          glass_columns_a, glass_columns_b, minivault_26, minivault_23
D:5:      layout_rooms, mainiacjoe_overflow_surrounded_room, st_stairs_13,
          minmay_strange_pillars
D:6:      layout_cave_pools, kennysheep_little_box,
          lemuel_coloured_pillars_altar, minmay_temple_entry_overgrown,
          uniq_grinder
D:7:      layout_basic, tso_metal_star, st_stairs_3
D:8:      layout_cave_pods, lemuel_crystal_altar, kennysheep_slug_shrine,
          due_lair_maze_entry_diamond
D:9:      minmay_the_grid_four_pointed_star
          [minmay_the_grid_triangle_9x9_corruption,
          minmay_the_grid_triangle_9x9_alien,
          minmay_the_grid_triangle_9x9_impossible_snake,
          minmay_the_grid_triangle_9x9_odd_lines,
          minmay_the_grid_prize_four_corners_diamond_b], layout_loops_ring,
          tgw_trog, nicolae_overflow_hidden_temple, orc_0_dummy, serial_shops,
          nicolae_shop_hallway_plus
Temple:   chequers_temple_sunken

Skill      XL: |  1  2  3  4  5  6  7  8  9 10 |
---------------+-------------------------------+-----
Conjurations   | 5 6 7 8 9 11 | 11.9
Spellcasting   | 4 5 6 8 10 12 13 | 13.3
Dodging        | 3 4 |  4.4
Stealth        | 3 4 5 |  5.3
Hexes          | 2 3 4 5 |  5.7
Fighting       | |  0.2

Action                   |  1- 3 |  4- 6 |  7- 9 | 10-12 || total
-------------------------+-------+-------+-------+-------++-------
 Cast: Magic Dart        |    24 |    65 |    88 |    19 ||   196
       Searing Ray       |     1 |    15 |    27 |    10 ||    53
       Fulminant Prism   |       |     1 |    32 |    13 ||    46
       Dazzling Flash    |       |     1 |       |       ||     1
       Iskenderun's Myst |       |       |       |     1 ||     1
  Use: Potion            |     1 |       |     1 |     1 ||     3
       Scroll            |       |     7 |     3 |     1 ||    11
Armor: Robe              |       |     4 |     3 |     4 ||    11
Dodge: Dodged            |     5 |     9 |    14 |     6 ||    34
